 Seeded DCSS version 0.28-a0-691-gad6df49e81 (webtiles) character file.

Game seed: 8871 (custom seed)

103 jsc133 the Ruffian (level 4, 0/45 HPs)
             Began as a Troll Berserker on Oct 20, 2021.
             Was an Initiate of Ashenzari.
             Slain by a gnoll (3 damage)
             ... on level 3 of the Dungeon.
             The game lasted 00:08:21 (877 turns).

jsc133 the Ruffian (Troll Berserker)                 Turns: 877, Time: 00:08:22

Health: 0/45       AC:  5    Str: 25    XL:     4   Next: 51%
Magic:  3/3        EV: 10    Int:  3    God:    Ashenzari [......]
Gold:   33         SH:  0    Dex: 10    Spells: 3/3 levels left

rFire   x . .      SeeInvis .   i - staff of conjuration
rCold   + . .      Faith    .   (no shield)
rNeg    . . .      Spirit   .   a - +1 animal skin
rPois   .          Reflect  .   (helmet restricted)
rElec   .          Harm     .   (no cloak)
rCorr   +          Rampage  .   (gloves unavailable)
Will    .....                   (boots unavailable)
Stlth   +.........              (no amulet)
HPRegen 1.15/turn               g - ring of ice
MPRegen 0.08/turn               e - ring of resist corrosion

@: slowed, very slow
A: reduced essence, large, unfitting armour, claws 3, regeneration 1, shaggy fur
1, tough skin 1
a: Renounce Religion


You were on level 3 of the Dungeon.
You worshipped Ashenzari.
Ashenzari was noncommittal.
You visited 1 branch of the dungeon, and saw 4 of its levels.

You collected 33 gold pieces.

Inventory:

Armour
 a - a +1 animal skin (worn)
 c - a +0 plate armour
Magical Staves
 i - a staff of conjuration (weapon)
Jewellery
 e - a ring of resist corrosion (right claw)
 g - a ring of ice (left claw)
Scrolls
 d - a scroll of identify
 h - a scroll of amnesia
Potions
 b - a potion of attraction
 f - a potion of mutation


   Skills:
 + Level 3.0 Fighting
 + Level 3.1 Dodging
 + Level 4.1 Unarmed Combat


You had 3 spell levels left.
You didn't know any spells.
Your spell library contained the following spells:

 Spells                   Type           Power      Damage    Failure   Level
 Ensorcelled Hibernation  Hex/Ice        0%         N/A       67%         2
 Tukima's Dance           Hex            0%         N/A       88%         3


Dungeon Overview and Level Annotations

Branches:
Dungeon (4/15)
 Temple: D:4-7

Altars:
Ashenzari
Hepliaklqana
Vehumet


Innate Abilities, Weirdness & Mutations

Your life essence is reduced to manifest your ancestor. (-10% HP)
You are too large for most types of armour.
You have claws for hands.
Your natural rate of healing is unusually fast.
You are covered in fur. (AC +1)
You have tough skin. (AC +1)


Message History

A goblin comes into view. It is wielding a +0 club.
The gnoll barely misses you.
You barely miss the gnoll.
The goblin shouts!
You claw the gnoll, but do no damage. The gnoll barely misses you.
The gnoll hits you with a +0 whip!
A gnoll comes into view. It is wielding a +0 club.
The gnoll barely misses you.
The gnoll shouts!
You hit the gnoll but do no damage. The gnoll hits you with a +0 whip.
The gnoll hits you with a +0 whip. The gnoll barely misses you.
The gnoll hits you with a +0 whip. The goblin hits you but does no damage.
The gnoll hits you with a +0 whip.
The gnoll hits you from afar with a +0 halberd.
A hound comes into view.
The goblin barely misses you.
There is a stone staircase leading up here.
The gnoll misses you.
The gnoll hits you from afar with a +0 halberd!
* * * LOW HITPOINT WARNING * * *
The gnoll barely misses you. The goblin hits you but does no damage.
The gnoll closely misses you.
You climb upwards.
There is a stone staircase leading down here.
You hit the goblin.
You kill the goblin!
The gnoll hits you but does no damage. The gnoll hits you with a +0 whip!
* * * LOW HITPOINT WARNING * * *
The gnoll hits you but does no damage.
You hit the gnoll.
The gnoll is moderately wounded.
The gnoll hits you with a +0 whip.
* * * LOW HITPOINT WARNING * * *
The gnoll hits you with a +0 whip.
* * * LOW HITPOINT WARNING * * *
The gnoll closely misses you.
You hit the gnoll.
The gnoll is severely wounded.
The gnoll hits you but does no damage. x2; The gnoll hits you with a +0 whip.
You die...

#.#
#.#.....####
#.#
#.#........#.
#.#
#.#.....##†#.
#.#
#........†...
#.#
###.#.#.##.##
#.#
#.....##...
#.#
###.#######
#g# #.# #@#
#.# #g# #..
####


You could see 2 gnolls.

Vanquished Creatures
  A hound (D:3)
  Terence (D:2)
  An adder (D:2)
  2 dart slugs (D:1)
  4 ball pythons
  5 endoplasms
  3 goblins
  6 hobgoblins
  A jackal (D:2)
  A quokka (D:2)
  5 bats
  11 frilled lizards
  3 kobolds (D:2)
  3 rats (D:2)
47 creatures vanquished.

Vanquished Creatures (others)
  8 plants (D:1)
8 creatures vanquished.

Grand Total: 55 creatures vanquished

Notes
Turn   | Place    | Note
-------+----------+-------------------------------------------
     0 | D:1      | jsc133 the Troll Berserker began the quest for the Orb.
     0 | D:1      | Reached XP level 1. HP: 22/22 MP: 0/0
   148 | D:1      | Reached XP level 2. HP: 22/29 MP: 1/1
   314 | D:2      | Reached XP level 3. HP: 30/36 MP: 2/2
   314 | D:2      | Noticed Terence
   329 | D:2      | Killed Terence
   435 | D:2      | Reached ** piety under Trog
   555 | D:2      | Reached XP level 4. HP: 44/44 MP: 3/3
   676 | D:3      | Reached skill level 4 in Unarmed Combat
   676 | D:3      | Found a hazy altar of Hepliaklqana.
   688 | D:3      | Fell from the grace of Trog
   688 | D:3      | Became a worshipper of Hepliaklqana the Forgotten
   694 | D:3      | Found a radiant altar of Vehumet.
   710 | D:3      | Found a broken altar of Ashenzari.
   721 | D:3      | Fell from the grace of Hepliaklqana
   721 | D:3      | Became a worshipper of Ashenzari the Shackled
   876 | D:3      | HP: 1/45 [gnoll (3)]
   877 | D:3      | Slain by a gnoll

Illustrated notes

Levels and vault maps discovered:
D:1:      lightli_arrival_quake, layout_basic, basic_ecumenical_altar,
          serial_bayou_lagoon_a, minmay_lizard_king
D:2:      layout_rooms, basic_altar, kennysheep_flooded_box, minmay_puff,
          uniq_terence, uniq_jessica
D:3:      layout_loops_ring, slow_altar_2, minmay_overflow_temple_star_quad,
          mainiacjoe_overflow_tiny_flanked, uniq_ijyb
D:4:      layout_layer_cave

Skill      XL: |  1  2  3  4 |
---------------+-------------+-----
Dodging        | 3 |  3.1
Fighting       | 3 |  3.0
Unarmed Combat | 4 |  4.1

Action                   |  1- 3 |  4- 6 || total
-------------------------+-------+-------++-------
Melee: Unarmed           |    92 |     7 ||    99
       Punch             |     1 |     3 ||     4
       Staff             |       |    25 ||    25
  Use: Scroll            |     2 |     2 ||     4
Armor: Animal skin       |    28 |    22 ||    50
Dodge: Dodged            |    63 |    40 ||   103

Table legend: (Time is in decaauts)
 A = Elapsed time spent in this place.
 B = Non-inter-level travel time spent in this place.
 C = Inter-level travel time spent in this place.
 D = Time resting spent in this place.
 E = Time spent auto-exploring this place.
 F = Levels seen in this place.
 G = Mean time per level.
                   A        B        C        D        E       F      G
               +--------+--------+--------+--------+--------+-----+--------+
         Total |    901 |    901 |      0 |      0 |      4 |   4 |  225.2 |
       Dungeon |    901 |    901 |      0 |      0 |      4 |   4 |  225.2 |
               +--------+--------+--------+--------+--------+-----+--------+

Top non-repeatable levels by time:
     D:2: 359 daAuts
     D:1: 292 daAuts
     D:3: 226 daAuts
     D:4: 22 daAuts
